 Dungeon Crawl Stone Soup version 0.29.1-1-gd02db6906a (webtiles) character file.

Game seed: 2937333500441317998

53 Draeca the Charlatan (level 3, -1/24 (27) HPs)
             Began as a Barachi Artificer on Sept 30, 2022.
             Succumbed to Terence's poison
             ... on level 2 of the Dungeon on Oct 1, 2022.
             The game lasted 00:26:02 (2077 turns).

Draeca the Charlatan (Barachi Artificer)            Turns: 2077, Time: 00:26:02

HP:   -1/24 (27)    AC:  4    Str: 15    XL:     3   Next: 89%
MP:   4/4           EV: 11    Int: 11    God:
Gold: 121           SH:  0    Dex: 12    Spells: 4/4 levels left

rFire   . . .      SeeInvis .   q - +2 short sword (vamp)
rCold   . . .      Faith    .   (no shield)
rNeg    . . .      Spirit   .   b - +0 leather armour
rPois   .          Reflect  .   j - +0 helmet
rElec   .          Harm     .   f - scarf {+Inv}
rCorr   .          Rampage  .   (no gloves)
Will    .....                   (no boots)
Stlth   +.........              t - amulet of regeneration
HPRegen 0.88/turn               (no ring)
MPRegen 0.09/turn               (no ring)

@: lethally poisoned (-1 -> -10), unable to hop, heavily drained, slow
A: amphibious, slowness 1, strong legs 1, +LOS
a: Hop, Evoke Invisibility


You were on level 2 of the Dungeon.
You visited 1 branch of the dungeon, and saw 2 of its levels.

You collected 121 gold pieces.

Inventory:

Hand Weapons
 i - a +0 flail
 q - a +2 vampiric short sword (weapon)
Missiles
 l - 2 javelins
 o - 7 stones
Armour
 b - a +0 leather armour (worn)
 f - a scarf of invisibility (worn)
 j - a +0 helmet (worn)
Jewellery
 t - an amulet of regeneration (around neck)
Wands
 c - a wand of flame (8) (quivered)
 d - a wand of charming (15)
 e - a wand of iceblast (4)
Scrolls
 g - a scroll of teleportation {unknown}
 m - 4 scrolls of identify {unknown}
 s - a scroll of poison {unknown}
Potions
 a - a potion of ambrosia {unknown}
 h - 2 potions of curing {unknown}
 k - a potion of cancellation {unknown}
 n - a potion of attraction {unknown}
 p - a potion of degeneration {unknown}
 r - a potion of brilliance {unknown}


   Skills:
 + Level 2.0 Fighting
 * Level 0.0 Short Blades
 - Level 1.2 Maces & Flails
 + Level 2.8 Armour
 - Level 1.2 Dodging
 - Level 1.0 Stealth
 + Level 1.1 Spellcasting
 + Level 1.0 Transmutations
 + Level 3.7 Evocations


You had 4 spell levels left.
You didn't know any spells.
Your spell library was empty.

Dungeon Overview and Level Annotations

Branches:
Dungeon (2/15)

Altars:
The Shining One

Annotations:
D:2 Terence


Innate Abilities, Weirdness & Mutations

You are amphibious.
You cover ground slowly.
You can hop short distances.
You have an extended range of vision and can be seen from far away.


Message History

Terence the Incautious comes into view.
He is wielding a +2 mace of venom.
Terence shouts!
You hit Terence.
Terence is lightly wounded.
Terence bares his teeth.
Terence hits you with a +2 mace of venom!
You are poisoned.
You barely miss Terence.
Terence is lightly wounded.
You feel very sick.
Terence hits you with a +2 mace of venom.
You are more poisoned.
Aiming: Iceblast
Press: ? - help, Q - select action, (/) - cycle Shift-Dir - straight line, f - Terence
Aim: Terence, wielding a +2 mace of venom and wearing a +0 chain mail (lightly wounded) That beam is likely to hit you.
Continue anyway?
Okay, then.
Hop to where?
Press: ? - help, Dir - move target, p - Terence Boing!
You feel very sick.
Aiming: Throw Flame
Press: ? - help, Q - select action, (/) - cycle Shift-Dir - straight line, f - Terence
Aim: Terence, wielding a +2 mace of venom and wearing a +0 chain mail (lightly wounded, 79% to hit)
The puff of flame hits Terence.
Terence is lightly wounded.
You feel very sick.
You feel sick.
You feel sick.
You feel sick.
You feel sick.
You feel drained.
You fail to use your ability.
You feel sick.
Terence hits you with a +2 mace of venom.
* * * LOW HITPOINT WARNING * * *
You are lethally poisoned!
Unknown command.
Unknown command.
Unknown command.
Unknown command.
You die...

#...### #.....##
#.###.#. #.#....<
###########.#.....
#...........#.....
#.###########....#
#.# #....# #@#
##.### ##.###
####.#.. #..@.#
#....#.. ####.#
#.#..#.. #.#
#....... #@#
#.#.##.#.. #.#
..... #.#.. #.#
....####'###
####.#.....#.......


You could see Terence.

Vanquished Creatures
  A gnoll (D:1)
  An adder (D:2)
  A dart slug (D:2)
  3 endoplasms
  4 giant cockroaches
  3 hobgoblins
  3 jackals (D:1)
  3 ball pythons
  A bat (D:1)
  2 frilled lizards
  2 goblins (D:1)
  2 kobolds (D:1)
  8 rats
34 creatures vanquished.

Vanquished Creatures (others)
  6 plants (D:1)
6 creatures vanquished.

Grand Total: 40 creatures vanquished

Notes
Turn   | Place    | Note
-------+----------+-------------------------------------------
     0 | D:1      | Draeca the Barachi Artificer began the quest for the Orb.
     0 | D:1      | Reached XP level 1. HP: 15/15 MP: 1/1
   139 | D:1      | Reached skill level 1 in Stealth
   167 | D:1      | Reached XP level 2. HP: 8/21 MP: 2/2
   440 | D:1      | Reached skill level 1 in Maces & Flails
   440 | D:1      | Reached XP level 3. HP: 27/27 MP: 3/3
   598 | D:1      | You fall into a shaft and drop 1 floor!
  1101 | D:2      | Found a glowing golden altar of the Shining One.
  1189 | D:2      | Reached skill level 1 in Transmutations
  1584 | D:1      | Reached skill level 1 in Spellcasting
  2065 | D:2      | Noticed Terence
  2077 | D:2      | Succumbed to Terence's poison

Illustrated notes

Levels and vault maps discovered:
D:1:      wander_arrival_desolate, layout_basic, nicolae_grassy_gnolls
D:2:      layout_basic, basic_altar, uniq_terence

Skill      XL: |  1  2  3 |
---------------+----------+-----
Stealth        | 1 |  1.0
Maces & Flails | 1 |  1.2
Fighting       | 2 |  2.0
Transmutations | 1 |  1.0
Spellcasting   | 1 |  1.1
Armour         | |  2.8
Dodging        | |  1.2
Evocations     | |  3.7

Action                   || total
-------------------------++-------
Melee: Club              ||    29
       Flail             ||    55
       Short sword       ||    22
 Abil: Hop               ||     2
Evoke: Wand              ||     8
Armor: Leather armour    ||    31
Dodge: Dodged            ||    56
